 Dungeon Crawl Stone Soup version 0.31.0-9-g3a7656b989 (webtiles) character file.

Game seed: 5777053882348116428

9617 Peloso the Blocker (level 11, 0/97 HPs)
             Began as a Minotaur Fighter on Feb 1, 2024.
             Was an Initiate of Okawaru.
             Slain by a two-headed ogre
             ... wielding a +0 giant club
              (23 damage)
             ... on level 10 of the Dungeon.
             The game lasted 00:17:37 (9873 turns).

Peloso the Blocker (Minotaur Fighter)               Turns: 9873, Time: 00:17:38

Health: 0/97       AC: 17    Str: 22    XL:     11   Next: 25%
Magic:  10/10      EV:  6    Int:  5    God:    Okawaru [......]
Gold:   540        SH: 17    Dex: 13    Spells: 10/10 levels left

rFire   + + .        a - +3 scimitar (freeze)
rCold   + . .        d - +0 tower shield
rNeg    . . .        m - +0 plate armour
rPois   .            I - +0 hat {Will+}
rElec   .            F - scarf {rC+ rF+}
rCorr   .            c - +0 pair of gloves
SInv    .            p - +0 pair of boots
Will    +....        J - amulet of regeneration Stlth
                     g - ring of protection from fire
HPRegen 1.16/turn    L - +4 ring of slaying
MPRegen 0.12/turn

%: no passive effects
@: no status effects
A: horns 2, retaliatory headbutt
a: Renounce Religion


You were on level 10 of the Dungeon.
You worshipped Okawaru.
Okawaru was noncommittal.
You visited 2 branches of the dungeon, and saw 11 of its levels.

You collected 540 gold pieces.

Inventory:

Hand Weapons
 a - a +3 scimitar of freezing (weapon)
 b - a +1 scimitar of electrocution
Missiles
 D - 2 throwing nets (quivered)
Armour
 c - a +0 pair of gloves (worn)
 d - a +0 tower shield (worn)
 e - a +2 chain mail of cold resistance
 m - a +0 plate armour (worn)
 p - a +0 pair of boots (worn)
 F - a scarf of resistance (worn)
 I - a +0 hat of willpower (worn)
Jewellery
 g - a ring of protection from fire (left hand)
 k - an amulet of magic regeneration
 q - a +6 ring of intelligence
 x - a +6 ring of strength
 y - the amulet "Culimmel" {Acrobat rF+}
   (You took it off an orc priest on level 6 of the Dungeon)

   [amulet of the acrobat]

   Acrobat:   It increases your evasion while moving and waiting.
   rF+:       It protects you from fire.
 C - a ring of willpower
 J - an amulet of regeneration (around neck)
 L - a +4 ring of slaying (right hand)
Wands
 w - a wand of mindburst (13)
 B - a wand of digging (2)
Scrolls
 h - 3 scrolls of poison
 i - a scroll of enchant armour {unknown}
 r - 2 scrolls of revelation
 s - 5 scrolls of teleportation
 t - 3 scrolls of identify
 v - a scroll of immolation {unknown}
 A - a scroll of blinking {unknown}
 G - a scroll of fog {unknown}
 K - a scroll of enchant weapon {unknown}
Potions
 f - a potion of might
 j - a potion of lignification
 l - 4 potions of cancellation
 n - a potion of ambrosia {unknown}
 o - 3 potions of curing
 u - a potion of haste {unknown}
 z - a potion of attraction
 E - 2 potions of mutation {unknown}
 H - a potion of enlightenment {unknown}


   Skills:
 + Level 9.0 Fighting
 + Level 11.7 Long Blades
 + Level 10.0 Armour
 + Level 2.6 Dodging
 + Level 1.0 Stealth
 + Level 12.7 Shields
 + Level 0.8 Evocations


You had 10 spell levels left.
You didn't know any spells.
Your spell library contained the following spells:

 Spells                   Type           Power      Damage    Failure   Level
 Blink                    Tloc           0%         N/A       100%        2
 Lesser Beckoning         Tloc           0%         N/A       100%        2
 Momentum Strike          Conj/Tloc      0%         3d8       100%        2
 Static Discharge         Conj/Air       0%         3-3/arc   100%        2
 Airstrike                Air            0%         2d(0-16)  100%        4
 Summon Lightning Spire   Summ/Air       Unusable   N/A       N/A         4

Dungeon Overview and Level Annotations

Branches:
Dungeon (10/15)            Temple (1/1) D:6
   Lair: D:8-11         Orc: D:9-12

Altars:
Ashenzari
Cheibriados
Dithmenos
Elyvilon
Fedhas
Gozag
Hepliaklqana
Kikubaaqudgha
Makhleb
Nemelex Xobeh
Okawaru
Qazlal
Ru
Trog
Uskayaw
Vehumet
Wu Jian
Xom
Yredelemnul
Zin
The Shining One
Lugonu

Annotations:
D:2 1 runed translucent door, Crazy Yiuf
D:5 2 runed translucent doors, Majang's ghost, novice FoFi


Innate Abilities, Weirdness & Mutations

You have a pair of horns on your head.
You reflexively headbutt those who attack you in melee.


Message History

A two-headed ogre comes into view.
It is wielding a +0 giant club and a +0 giant spiked club.
You block the hornet's attack.
There is an open door here.
The hornet attacks as it pursues you! You block the hornet's attack. x2
You barely miss the hornet.
The two-headed ogre shouts in stereo!
You headbutt the hornet!
The hornet is moderately wounded.
You block the hornet's attack. x2
You slash the hornet! You freeze the hornet. You headbutt the hornet.
The hornet is almost dead.
You feel yourself speed up. The hornet barely misses you.
The hornet stings you!
You feel yourself slow down. You block the hornet's attack.
You hit the hornet. You freeze the hornet.
The hornet is almost dead.
The hornet stings you!
You feel as though you will be slow longer.
You block the hornet's attack.
You slash the hornet! You freeze the hornet.
You kill the hornet!
Okawaru accepts your kill.
Your Fighting skill increases to level 9!
Your Armour skill increases to level 10!
You feel yourself speed up. The troll bites you but does no damage.
You block the troll's attack. The troll claws you! The troll bites you!
You block the troll's attack. x3
The troll closely misses you. The troll claws you.
There is an open door, spattered with blood here.
The two-headed ogre hits you with a +0 giant club.
You block the two-headed ogre's attack. The troll bites you.
The troll closely misses you. You block the troll's attack.
Unknown command.
You barely miss the two-headed ogre. You block the troll's attack.
The troll claws you. You block the troll's attack. The troll barely misses you.
You block the troll's attack. x2
The two-headed ogre hits you with a +0 giant club!
* * * LOW HITPOINT WARNING * * *
The two-headed ogre hits you with a +0 giant spiked club!!
You die...

...............###.#...#≈≈≈#.....
#........####)###.##...#.≈≈#...##
..........[)...#####...#####.>...
.........####....<###.....##.....
.....###.##.###....###....##.....
.....# #.##...###...........)....
.....# ###......###.##...###.....
.....# #.....#......###...#.
.....# ##.@###.............
.....# #.OTT.###.........##
.##'## #..##.[.###.#.#...# .##.#
.....#......#.......# .##.#
##...##..#..##......### ....#
###.#......#.......... #####
#####...##....#..###
#.#'#.#........#
##.†)###........#


You could see a two-headed ogre and 2 trolls.

Vanquished Creatures
  A centaur warrior (D:8)
  5 two-headed ogres
  2 hornets (D:10)
  Grinder (D:4)
  5 yaks
  2 wyverns
  2 humans (D:10)
  2 steam dragons
  An acid dragon (D:10)
  A water moccasin (D:6)
  2 orc warriors
  3 sky beasts
  3 black bears
  An ice beast (D:6)
  A centaur (D:5)
  A phantom (D:5)
  3 kobold brigands
  2 bullfrogs
  2 gnoll sergeants (D:8)
  2 scorpions (D:6)
  16 wights
  5 killer bees (D:10)
  2 electric eels (D:9)
  A howler monkey (D:6)
  2 jellies
  6 orc priests
  4 bombardier beetles
  4 gnoll boudas
  2 hounds
  5 orc wizards
  21 gnolls
  7 adders
  3 shadow imps
  A ribbon worm (D:4)
  30 orcs
  6 endoplasms
  8 giant cockroaches
  5 goblins
  10 hobgoblins
  11 jackals
  2 quokkas
  2 ball pythons
  5 bats
  3 frilled lizards
  14 kobolds
  9 rats
226 creatures vanquished.

Notes
Turn   | Place    | Note
-------+----------+-------------------------------------------
     0 | D:1      | Peloso the Minotaur Fighter began the quest for the Orb.
     0 | D:1      | Reached XP level 1. HP: 19/19 MP: 0/0
   226 | D:1      | Reached XP level 2. HP: 22/27 MP: 1/1
   573 | D:2      | Found a hide-covered altar of Uskayaw.
   715 | D:2      | Reached skill level 4 in Shields
   773 | D:2      | Found a runed translucent door.
   774 | D:2      | Noticed Crazy Yiuf
   931 | D:2      | Reached XP level 3. HP: 23/33 MP: 2/2
  1154 | D:3      | Reached XP level 4. HP: 40/40 MP: 3/3
  1195 | D:3      | Reached skill level 1 in Dodging
  1323 | D:3      | Found a glowing silver altar of Zin.
  1800 | D:3      | Found a faded altar of an unknown god.
  1903 | D:3      | Reached XP level 5. HP: 46/46 MP: 4/4
  2115 | D:4      | Found a shimmering altar of Xom.
  2126 | D:4      | Reached skill level 5 in Armour
  2335 | D:4      | Found a stormy altar of Qazlal.
  2406 | D:4      | Noticed Grinder
  2433 | D:4      | Killed Grinder
  2434 | D:4      | Reached skill level 5 in Long Blades
  2434 | D:4      | Reached skill level 5 in Shields
  2434 | D:4      | Reached XP level 6. HP: 35/55 MP: 5/5
  2614 | D:4      | Found a blossoming altar of Fedhas.
  2657 | D:4      | Reached skill level 5 in Fighting
  2657 | D:4      | Reached XP level 7. HP: 6/61 MP: 6/6
  2852 | D:4      | Found an ancient bone altar of Kikubaaqudgha.
  2855 | D:4      | Found a glowing golden altar of the Shining One.
  3196 | D:5      | Entered Level 5 of the Dungeon
  3656 | D:5      | Reached skill level 6 in Shields
  3805 | D:5      | Found an ornate altar of the Wu Jian Council.
  3940 | D:5      | Found a large runed translucent door.
  3940 | D:5      | Found a large runed translucent door.
  3942 | D:5      | Noticed Majang's ghost (novice FoFi)
  4130 | D:6      | Reached XP level 8. HP: 57/69 MP: 7/7
  4174 | D:6      | Found a staircase to the Ecumenical Temple.
  4195 | Temple   | Entered the Ecumenical Temple
  4338 | D:6      | Reached skill level 7 in Shields
  4898 | D:6      | Identified the amulet "Culimmel" {Acrobat rF+}
  4906 | D:6      | Reached skill level 8 in Shields
  5404 | D:7      | Reached XP level 9. HP: 36/73 MP: 8/8
  5785 | D:7      | Reached skill level 9 in Shields
  6173 | D:7      | Found a hide-covered altar of Uskayaw.
  6751 | D:8      | Reached skill level 10 in Shields
  7189 | D:8      | Noticed a centaur warrior
  7189 | D:8      | Noticed a gargoyle
  7200 | D:8      | Noticed a manticore
  7217 | D:8      | Killed a centaur warrior
  7223 | D:8      | Reached skill level 11 in Shields
  7223 | D:8      | Noticed a seven-headed hydra
  7455 | D:8      | Reached XP level 10. HP: 86/86 MP: 9/9
  7486 | D:9      | Noticed a two-headed ogre
  7505 | D:9      | Killed a two-headed ogre
  7506 | D:9      | Reached skill level 10 in Long Blades
  7602 | D:9      | Found a white marble altar of Elyvilon.
  8084 | D:9      | Noticed a two-headed ogre
  8092 | D:9      | Killed a two-headed ogre
  8487 | D:9      | Noticed a two-headed ogre
  8497 | D:9      | Killed a two-headed ogre
  8498 | D:9      | Reached skill level 1 in Stealth
  8498 | D:9      | Reached skill level 12 in Shields
  8977 | D:10     | Entered Level 10 of the Dungeon
  8980 | D:10     | Found a radiant altar of Vehumet.
  9020 | D:10     | Noticed a two-headed ogre
  9038 | D:10     | Killed a two-headed ogre
  9047 | D:10     | Noticed a two-headed ogre
  9078 | D:10     | Killed a two-headed ogre
  9079 | D:10     | Reached XP level 11. HP: 32/95 MP: 10/10
  9508 | D:10     | Found a basalt altar of Yredelemnul.
  9657 | D:10     | Found a broken altar of Ashenzari.
  9661 | D:10     | Saw a vision of the Shoals and the Snake Pit.
  9661 | D:10     | Noticed a sea snake
  9661 | D:10     | Noticed a kraken
  9661 | D:10     | Noticed a sea snake
  9661 | D:10     | Noticed a mana viper
  9663 | D:10     | Noticed a naga warrior
  9664 | D:10     | Noticed a shock serpent
  9783 | D:10     | Found an iron altar of Okawaru.
  9791 | D:10     | Became a worshipper of Warmaster Okawaru
  9865 | D:10     | Noticed a two-headed ogre
  9871 | D:10     | Reached skill level 10 in Armour
  9873 | D:10     | Slain by a two-headed ogre

Illustrated notes

Levels and vault maps discovered:
D:1:      grunt_arrival_lava_bath, layout_rooms, minmay_close_crescents
D:2:      layout_rooms, basic_altar, kennysheep_cross_bottleneck,
          uniq_crazy_yiuf_cottage
D:3:      layout_basic, mainiacjoe_overflow_alcove_2,
          ebering_ecumenical_altar_abandoned, lexackson_kobold_supper
D:4:      minmay_opposing_rooms, layout_rooms, lemuel_crystal_altar,
          nicolae_qazlal_general_emergency, xom_teletrap_fun,
          grunt_temple_overflow_growth_and_decay, uniq_grinder
D:5:      layout_rooms, general_overflow_altar, ebering_ghost_disaster_area
D:6:      layout_loops_corners, minmay_temple_entry_purple_smoke
D:7:      layout_cave_pods, mainiacjoe_overflow_alcove_1, st_stairs_2
D:8:      minmay_bloctagon, layout_loops_corners, tgw_sif, david_lair_generic
D:9:      layout_irregular_city, nicolae_elyvilon_temple_path
D:10:     minmay_slanted_spiral_squares, layout_basic, okawaru_humans,
          vehumet_crystals, lemuel_round_altar, grunt_ashenzari_visionary
          [grunt_ashenzari_visionary_shoals, grunt_ashenzari_visionary_snake],
          dreamdust_gnoll_shepherd
Temple:   corrupted_temple

Skill      XL: |  1  2  3  4  5  6  7  8  9 10 11 |
---------------+----------------------------------+-----
Armour         | 4 5 6 7 8 9 10 | 10.0
Shields        | 4 5 6 8 11 12 | 12.7
Long Blades    | 3 4 5 6 8 9 11 | 11.7
Fighting       | 4 5 6 7 8 9 |  9.0
Dodging        | 1 2 |  2.6
Stealth        | 1 |  1.0
Evocations     | |  0.8

Action                     |  1- 3 |  4- 6 |  7- 9 | 10-12 || total
---------------------------+-------+-------+-------+-------++-------
  Melee: Long sword        |    71 |   166 |   475 |    24 ||   736
         Headbutt          |    12 |    22 |   100 |    51 ||   185
         Scimitar          |       |       |       |   174 ||   174
  Evoke: Wand              |       |       |     1 |     4 ||     5
    Use: Potion            |     3 |       |     4 |       ||     7
         Scroll            |       |       |     7 |       ||     7
 Armour: Scale mail        |    64 |       |       |       ||    64
         Plate armour      |       |   146 |   408 |   123 ||   677
  Dodge: Dodged            |    47 |    52 |   112 |    39 ||   250
  Block: Buckler           |    18 |    23 |       |       ||    41
         Kite shield       |       |    44 |    18 |       ||    62
         Tower shield      |       |       |   544 |   204 ||   748
